[Event "13th Palmanova Festival A 2024"]
[Site "Palmanova"]
[Date "2025.01.01"]
[Round "7.1"]
[White "Martinovici, Ilia"]
[Black "Di Benedetto, Edoardo"]
[Result "1/2-1/2"]
[ECO "D02"]
[WhiteElo "2473"]
[BlackElo "2411"]
[Annotator "TA"]
[PlyCount "22"]
[EventDate "2024.12.27"]
[EventCountry "ITA"]
[SourceTitle "playchess.com"]
[Source "ChessBase"]
[SourceQuality "1"]
[TimeControl "6000+30"]

1. d4 d5 2. Nf3 Nf6 3. c3 e6 4. Bf4 c5 5. e3 Nc6 6. Nbd2 Bd6 7. Bg3 Qe7 8. Ne5 Bxe5 ({Black should play} 8... O-O $11) 9. dxe5 $14 Nd7 10. f4 f6 11. Bh4 O-O 1/2-1/2

[Event "13th Palmanova Festival A 2024"]
[Site "Palmanova"]
[Date "2025.01.01"]
[Round "7.2"]
[White "Dobrovoljc, Vid"]
[Black "Lumachi, Gabriele"]
[Result "1/2-1/2"]
[ECO "B00"]
[WhiteElo "2365"]
[BlackElo "2438"]
[Annotator "TA"]
[PlyCount "59"]
[EventDate "2024.12.27"]
[EventCountry "ITA"]
[SourceTitle "playchess.com"]
[Source "ChessBase"]
[SourceQuality "1"]
[TimeControl "6000+30"]

1. e4 Nc6 2. Nf3 d6 3. d4 Nf6 4. Nc3 g6 5. Bb5 a6 $1 6. Bxc6+ bxc6 7. O-O Bg7 8. Re1 O-O 9. h3 Rb8 10. Rb1 Nd7 11. Be3 c5 12. dxc5 Nxc5 (12... Rxb2 $5 13. Rxb2 Bxc3 $14) 13. Bxc5 {[%emt 0:09:43] Black must now prevent Bd4.} Bxc3 14. bxc3 Rxb1 15. Qxb1 dxc5 16. Rd1 Qe8 17. Rd5 Qa4 18. Rxc5 Qxe4 19. Rxc7 {[%emt 0:07:20] [#]} Bxh3 $1 20. Qb4 Bf5 21. Qxe4 Bxe4 $11 {[%emt 0:00:00][%mdl 4096] Endgame KRB-KRN} 22. Ng5 Bxc2 23. Rxe7 Bd3 24. a4 h6 25. Nf3 Rc8 26. Ne5 Bc4 27. Ra7 Kg7 28. Nxc4 Rxc4 29. Rxa6 Rxc3 30. g3 1/2-1/2

[Event "13th Palmanova Festival A 2024"]
[Site "Palmanova"]
[Date "2025.01.01"]
[Round "7.3"]
[White "Savanovic, Aleksandar"]
[Black "Bettalli, Francesco"]
[Result "1/2-1/2"]
[ECO "B69"]
[WhiteElo "2354"]
[BlackElo "2359"]
[Annotator "TA"]
[PlyCount "105"]
[EventDate "2024.12.27"]
[EventCountry "ITA"]
[SourceTitle "playchess.com"]
[Source "ChessBase"]
[SourceQuality "1"]
[TimeControl "6000+30"]

1. e4 c5 2. Nf3 Nc6 3. d4 cxd4 4. Nxd4 Nf6 5. Nc3 d6 6. Bg5 Bd7 7. Qd2 a6 8. O-O-O e6 9. f4 Be7 10. Nf3 b5 11. Bxf6 gxf6 12. f5 Qb6 13. Kb1 O-O-O 14. g3 Na5 15. Qe1 b4 16. fxe6 fxe6 17. Ne2 e5 $1 18. Nc1 Be6 19. Bd3 Kb8 20. Qe2 Ka7 21. Nb3 Rc8 22. Nfd2 d5 23. Nxa5 Qxa5 24. Nb3 Qb6 $1 25. exd5 Bxd5 26. Be4 Be6 27. Qf3 a5 28. Bf5 a4 $1 (28... Bxf5 $6 29. Qxf5 Rhd8 30. Qxh7 $16) 29. Bxe6 Qxe6 30. Qe3+ Kb8 31. Qe2 Qb6 (31... axb3 $2 32. Qb5+ Kc7 33. cxb3 $16) 32. Nd4 exd4 (32... a3 $11 {keeps the balance.}) 33. Qxe7 $16 a3 (33... Rc7 $142 34. Qe4 Rd8) 34. Rhe1 $16 Rc6 35. Qd7 (35. Re2 $18) 35... Rd6 36. Qa4 axb2 {[%emt 0:02:47] [#]} 37. Rd3 $1 (37. Kxb2 $6 Qc5 $14) 37... Qc5 38. Rb3 (38. Kxb2 $6 Rc8 $14) 38... Rb6 39. Re8+ (39. Rxb2 $6 Rc8 $16) 39... Rxe8 40. Qxe8+ Ka7 41. Qa4+ (41. Kxb2 h6 $14) ({Reject} 41. Rxb2 $6 d3 42. Qa4+ (42. cxd3 Qg1+ 43. Kc2 Qg2+ 44. Kb3 Qd5+ 45. Kc2 Qg2+ 46. Kb3 Qd5+ 47. Kc2 Qc5+ 48. Kd1 Qg1+ 49. Kc2 Qxh2+ 50. Kb3 Qh1 $11) 42... Ra6 43. Qd7+ (43. Qxb4 $2 {gets mated.} Qg1+) 43... Kb6 $11) ({White should try} 41. Qf7+ Ka6 42. Rf3 (42. Kxb2 Rc6 $17) (42. Rxb2 $2 d3 $19) (42. Qxh7 f5 $16)) 41... Kb8 $16 42. Kxb2 (42. g4 {seems wilder.} h6 43. h4 Kb7 44. Qe8) 42... h5 43. Qe8+ Ka7 44. Qd7+ Kb8 45. Qe8+ Ka7 $1 46. Qa4+ Kb8 47. a3 (47. Kb1 $16) 47... bxa3+ $11 48. Qxa3 Rxb3+ 49. Qxb3+ Kc7 50. Qf7+ Kb8 51. Qe6 Kc7 52. Qf7+ Kb8 53. Qd7 1/2-1/2

[Event "13th Palmanova Festival A 2024"]
[Site "Palmanova"]
[Date "2025.01.01"]
[Round "7.4"]
[White "Candian, Lorenzo"]
[Black "Zamengo, Fulvio"]
[Result "0-1"]
[ECO "D00"]
[WhiteElo "2208"]
[BlackElo "2348"]
[Annotator "TA"]
[PlyCount "74"]
[EventDate "2024.12.27"]
[EventCountry "ITA"]
[SourceTitle "playchess.com"]
[Source "ChessBase"]
[SourceQuality "1"]
[TimeControl "6000+30"]

1. d4 d5 2. e4 dxe4 3. Nc3 Nf6 4. f3 exf3 5. Nxf3 g6 6. Bg5 Bg7 7. Qd2 O-O 8. O-O-O {[%emt 0:00:03] Black is slightly better.} Bf5 9. Bh6 Nbd7 10. h4 (10. Bxg7 $11 Kxg7 11. d5) 10... Bxh6 $1 $17 11. Qxh6 Ng4 12. Qf4 Nf2 13. Rd2 (13. Bc4 $17) 13... Nxh1 $19 14. g4 {[%emt 0:00:07] [#]} Nf6 $1 15. gxf5 $17 Qd6 $1 16. Ne5 Nh5 17. Qh6 N1g3 {[%emt 0:00:06] Dodges Ne4} (17... gxf5 $2 18. Qxh5 Kh8 19. Nxf7+ Rxf7 20. Qxf7 $18) 18. fxg6 fxg6 (18... Nxf1 19. Qxh7#) 19. Bc4+ Kh8 20. Nb5 Qb6 {[%emt 0:01:30] [#]} (20... Nf5 $17 {stays on course.} 21. Nf7+ Rxf7 22. Nxd6 Nxh6 23. Nxf7+ Nxf7 24. Bxf7 Rf8) 21. Bf7 $2 {[%emt 0:01:31][%mdl 8192] Loses the game.} Nf5 (21... Qxb5 22. Nxg6#) 22. Qg5 (22. Nxg6+ Qxg6 23. Bxg6 Nxh6 24. Bxh5) 22... Qxb5 $19 23. c4 Qa6 24. Bxg6 hxg6 25. Nxg6+ Kh7 26. Qxh5+ Nh6 27. Nxf8+ Rxf8 28. Qe2 Qf6 ({Less strong is} 28... Qxa2 29. Qxe7+ Rf7 30. Qe4+ Kg7 (30... Nf5 $2 31. d5 $19) 31. Qe5+ Kf8 32. Qc5+ (32. Qh8+ $2 Ng8 $19) 32... Kg8 33. Qd5 $19) 29. Qe4+ Kh8 30. b3 c6 31. Kb2 Rg8 32. Re2 Nf5 {[%emt 0:00:12][%cal Of5g3] ...Ng3! would now be deadly.} 33. Rd2 Rd8 (33... Qxh4 $2 {perishes.} 34. Qxf5 Rg7 35. Qc8+ Kh7 36. Qxb7 $18) 34. Kc3 {[%emt 0:00:48] [#]} (34. Kc1 $142) 34... Nxd4 $1 {[%emt 0:00:09][%mdl 512] ( -> ...Ne2+)} 35. Kb4 {[%emt 0:00:22] [#]} (35. Rd3 c5) 35... c5+ $1 {[%emt 0:00:15] Black mates.} 36. Ka3 {[%emt 0:00:22] [#]} Nb5+ $1 37. cxb5 Rxd2 {[%emt 0:00:07] Weighted Error Value: White=0.82/Black=0.36.  Loses game:     	White=1     	---        Mistake:       	White=4     	Black=2      Inaccurate:     	White=3     	---        OK:         	White=12    	Black=10     Best:        	White=1     	Black=4      Strong:       	---       	Black=2      Brilliant:      	---       	Black=1} 0-1

[Event "13th Palmanova Festival A 2024"]
[Site "Palmanova"]
[Date "2025.01.01"]
[Round "7.5"]
[White "Adharsh K"]
[Black "Cina`, Vittorio"]
[Result "1/2-1/2"]
[ECO "B12"]
[WhiteElo "2235"]
[BlackElo "2325"]
[Annotator "TA"]
[PlyCount "60"]
[EventDate "2024.12.27"]
[EventCountry "ITA"]
[SourceTitle "playchess.com"]
[Source "ChessBase"]
[SourceQuality "1"]
[TimeControl "6000+30"]

1. e4 c6 2. d4 d5 3. e5 Bf5 4. h4 h5 5. Bd3 Bxd3 6. Qxd3 Qa5+ 7. Nd2 {[%emt 0:00:20][%cal Oe5e6] aiming for e6!} e6 8. Ngf3 {[%emt 0:01:57] White has an edge.} Nh6 9. O-O Nf5 10. Rd1 Be7 11. g3 O-O 12. Nf1 c5 13. c3 Qa6 14. Ne3 Qxd3 15. Rxd3 Nxe3 16. Bxe3 Nd7 17. dxc5 Bxc5 18. Bxc5 Nxc5 19. Rd4 b5 20. Nd2 a5 21. Kf1 f6 22. exf6 gxf6 23. Re1 Rad8 {[%emt 0:03:50] [#] ...e5 is the strong threat.} 24. Nb3 {[%emt 0:03:11] The position is equal.} Nxb3 25. axb3 $11 {[%emt 0:00:06][%mdl 4096] Endgame. KRR-KRR} e5 26. Rd2 Rd6 27. Ra1 Ra8 28. Rad1 Rad8 29. Ra1 Ra6 30. Rad1 Rad6 {[%emt 0:00:04] Weighted Error Value: White=0.06 (flawless) /Black=0.04 (flawless) .  Inaccurate:     	---       	Black=1      OK:         	White=8     	Black=10     Best:        	White=1     	Black=2} 1/2-1/2

[Event "13th Palmanova Festival A 2024"]
[Site "Palmanova"]
[Date "2025.01.01"]
[Round "7.6"]
[White "Kalosha, Zhiulien Oleksii"]
[Black "Knudsen, Simon"]
[Result "1/2-1/2"]
[ECO "D97"]
[WhiteElo "2306"]
[BlackElo "2303"]
[Annotator "TA"]
[PlyCount "155"]
[EventDate "2024.12.27"]
[EventCountry "ITA"]
[SourceTitle "playchess.com"]
[Source "ChessBase"]
[SourceQuality "1"]
[TimeControl "6000+30"]

1. d4 Nf6 2. c4 g6 3. Nc3 d5 4. Nf3 Bg7 5. Qb3 dxc4 6. Qxc4 O-O 7. e4 Nc6 8. Be2 e5 9. d5 (9. Nxe5 Nxd4 10. O-O Nxe4 11. Nxe4 Bxe5 $17) 9... Nd4 10. Nxd4 (10. Nxe5 $2 Nc2+ 11. Kd1 Nxa1 $19) 10... exd4 11. Qxd4 c6 12. Qc4 b5 13. Qxc6 Bd7 14. Qd6 Re8 15. Bg5 (15. Bxb5 Nxe4 16. Qxd7 Nf6+ $15 (16... Nxc3+ $2 17. Qxe8+ Qxe8+ 18. Bxe8 $18) (16... Bxc3+ 17. bxc3 Nf6+ 18. Qxe8+ Nxe8 19. Bc6 $16)) 15... b4 16. Qxb4 Nxd5 17. Nxd5 Qxg5 18. O-O Bh3 {[%emt 0:31:46][%csl Gh3][%cal Rg5g2] A strong pair of Bishops.} 19. Bf3 Rab8 20. Qa4 Bxb2 21. Rab1 Be5 22. Rxb8 Rxb8 23. Qxa7 Kg7 24. Rd1 Rb2 25. Qa3 h5 26. g3 h4 {[%emt 0:02:38][%cal Rh4g3] Hoping for ...hxg3.} 27. Nf4 Bc8 ({Black should play} 27... Bg4 $1 $14) 28. Bg2 ({White has to play} 28. Nd3 $16 hxg3 29. Nxb2 gxf2+ 30. Kxf2 Qh4+ 31. Kf1 Qxh2 32. Bg2 Qf4+ 33. Qf3 Qxf3+ 34. Bxf3 Bxb2 35. a4) 28... Bg4 $11 29. Re1 (29. Qe3 $5 Kh7 (29... Bxd1 $2 30. Ne6+ fxe6 31. Qxg5 $18) 30. Re1 $11) 29... Rd2 (29... Bd4 {keeps more tension.} 30. Rf1 Qf6 31. Bf3 Bd7) 30. Qe3 Bxf4 (30... Rxa2 $2 31. Ne6+ Bxe6 32. Qxg5 $18) (30... Qd8 $11 31. Bf1 Rxa2) 31. gxf4 $16 Qa5 (31... Qd8 $16) 32. h3 $18 Be6 {[%emt 0:00:21][%cal Od2d3] [#]} 33. a3 (33. a4 $1 $18) 33... Ra2 $2 (33... Qd8 $16) 34. Qd4+ Kh7 35. Rb1 {[%emt 0:00:08] Rb8 would kill now.} Qxa3 $2 (35... Rc2 {was worth a try.} 36. f5 gxf5) 36. Qf6 (36. f5 $142) 36... Qa7 $2 (36... Rc2 37. Rb8 (37. Qxh4+ Kg7 $16) 37... Qc1+ 38. Kh2 Rc8 39. Qxh4+ Kg7 40. Rxc8 Bxc8) 37. Qxh4+ Kg7 38. Qg3 $2 (38. f5) 38... Ra3 39. Qh4 $2 (39. Bf3 $18) 39... Qd4 $2 (39... Ra2 $1 $11 {and Black stays safe.}) 40. Qg5 $2 (40. Rb8 $18 Qd1+ 41. Kh2) 40... Bxh3 $14 41. f5 (41. e5 $1 $14 Ra1 42. Qf6+ Kg8 43. Rxa1 Qxa1+ 44. Kh2 Bxg2 45. Qd8+ Kg7 46. Kxg2) 41... Bxg2 $11 42. Qxg2 Ra1 (42... Qd3 $11 43. Rf1 Qe2) 43. Rxa1 $14 Qxa1+ {[%emt 0:00:00][%mdl 4096] Endgame KQ-KQ. White is a pawn up.} 44. Kh2 $1 Qe5+ 45. Kh3 Qf4 46. fxg6 fxg6 47. f3 Qh6+ 48. Kg3 (48. Kg4 $16) 48... Qg5+ $11 49. Kh2 Qh4+ 50. Qh3 Qf2+ 51. Kh1 Kf6 52. Qg2 Qe1+ 53. Kh2 Qh4+ $1 54. Kg1 Qe1+ 55. Qf1 Qg3+ 56. Kh1 Ke7 57. Qe2 g5 (57... Kf6 $11) 58. Qe3 (58. Qg2 $16 Qf4 59. Kg1) 58... Kf7 59. Qb3+ Kg7 {[%emt 0:00:00] [#]} (59... Kg6 $11) 60. Qb7+ (60. Qb2+ $1 $16 Kg6 61. Qb6+ Kh5 62. Qe3) 60... Kg6 (60... Kf8 $1 $11) 61. Qc6+ ({White should play} 61. Qa6+ $16 Kh5 62. Qd3) 61... Kh5 62. Qe8+ Kh6 63. Qf8+ Kh5 64. Qh8+ Kg6 65. Qe8+ Kh6 66. Qh8+ Kg6 67. Qc3 Kh5 68. e5 Qf2 69. Qd3 Kh6 {[%emt 0:00:06] Prevents Qh7+} 70. Qe4 Kg7 71. Qb7+ Kh6 72. Qe4 {[%emt 0:01:10] Black must now prevent e6.} Kg7 73. Qf5 Kh6 74. Qf6+ Kh5 75. Qf7+ Kh4 {[%emt 0:01:39] ( -> ...Kg3)} 76. Qc4+ Kh5 77. Qg4+ Kg6 78. Qe4+ 1/2-1/2

[Event "13th Palmanova Festival A 2024"]
[Site "Palmanova"]
[Date "2025.01.01"]
[Round "7.7"]
[White "Skrbec, Leon"]
[Black "Pegno, Mattia"]
[Result "1/2-1/2"]
[ECO "D36"]
[WhiteElo "2265"]
[BlackElo "2243"]
[Annotator "TA"]
[PlyCount "101"]
[EventDate "2024.12.27"]
[EventCountry "ITA"]
[SourceTitle "playchess.com"]
[Source "ChessBase"]
[SourceQuality "1"]
[TimeControl "6000+30"]

1. d4 d5 2. c4 e6 3. Nc3 Nf6 4. cxd5 exd5 5. Bg5 Be7 6. e3 c6 7. Bd3 O-O 8. Qc2 Nbd7 9. Nf3 Re8 10. h3 Nf8 11. O-O g6 12. Bf4 Ne6 13. Bh2 Ng7 14. Ne5 Bf5 15. Rab1 a5 16. a3 Bd6 17. Kh1 Qe7 (17... Bxd3 $11 18. Qxd3 Re6) 18. Rfc1 ({White should try} 18. Bxf5 $1 $14 Nxf5 19. Rbe1) 18... Bxd3 19. Qxd3 Nf5 20. Rc2 Nd7 21. Nxd7 Qxd7 22. Na4 Bxh2 23. Kxh2 Re7 24. Kg1 {[%emt 0:01:44] Nb6 would now be deadly.} Rae8 25. Qd2 Nh4 26. Nc5 Qf5 27. Qd1 h5 (27... b6 $11 28. Nd3 c5) 28. Rbc1 (28. b4 $1 $14) 28... Qg5 $11 29. Qf1 $1 Nf5 $40 {[%emt 0:01:43][%mdl 128] Black mounts an attack.} 30. Rc3 Qf6 31. Qd1 Kh7 32. Qf3 Qd6 33. Nd3 Kg7 {[%emt 0:00:52] [#]} (33... Nh4 $11 {remains equal.} 34. Qf4 Qxf4 35. Nxf4 a4) 34. Qf4 (34. b4 $1 $16) 34... Qd8 35. Nc5 b6 36. Nb3 $1 Re4 37. Qh2 {[%emt 0:01:08] [#]} (37. Qf3 $11) 37... Qg5 $2 ({Black should try} 37... c5 $1 $17 38. Nd2 R4e6) 38. Nd2 $1 (38. Rxc6 $2 {loses.} Rxe3 (38... Nxe3 $2 39. fxe3 Rxe3 40. R6c3 $19) 39. fxe3 Qxe3+ 40. Kf1 Ng3+ $19 (40... Qxb3 $2 41. Qf4 $19)) 38... R4e6 {[%emt 0:00:46] and ...Nxd4 would now be decisive} 39. Nf3 $1 Qf6 40. Qf4 (40. Qc7 {seems wilder.} c5 41. dxc5 d4 42. exd4 Nxd4 43. Nxd4 Qxd4 44. cxb6 Rxb6 45. b3) 40... Rc8 41. Qg5 Qxg5 42. Nxg5 Rd6 43. Nf3 f6 44. Ne1 Ne7 45. Nd3 Kf7 46. b3 Ke6 47. Kf1 Rd7 48. Ke2 Kd6 49. Kf3 Rdc7 50. b4 Ra8 51. Rb1 1/2-1/2

[Event "13th Palmanova Festival A 2024"]
[Site "Palmanova"]
[Date "2025.01.01"]
[Round "7.8"]
[White "Casadio, Niccolo`"]
[Black "Stankovic, Milos"]
[Result "1/2-1/2"]
[ECO "C24"]
[WhiteElo "2275"]
[BlackElo "2462"]
[Annotator "TA"]
[PlyCount "50"]
[EventDate "2024.12.27"]
[EventCountry "ITA"]
[SourceTitle "playchess.com"]
[Source "ChessBase"]
[SourceQuality "1"]
[TimeControl "6000+30"]

1. e4 e5 2. Nf3 Nc6 3. Bc4 Nf6 4. d3 d5 5. exd5 Nxd5 6. O-O Nb6 7. Bb5 Bd6 8. Re1 f6 9. a4 {[%emt 0:03:38] White is slightly better.} a5 10. Be3 O-O 11. Nbd2 Kh8 12. h3 Nd5 13. Ne4 Nxe3 14. Rxe3 Ne7 15. d4 Nf5 16. Rd3 {[%emt 0:04:43] dxe5 is the strong threat.} Qe7 17. dxe5 Bxe5 18. Nxe5 Qxe5 19. Nc3 Nd6 20. Re3 Qc5 21. Bd3 Bf5 22. Qh5 g6 23. Qh4 Bxd3 {[%emt 0:01:14] The position is equal.} 24. Rxd3 Rae8 25. Rad1 Rf7 {[%emt 0:04:22] Weighted Error Value: White=0.08 (flawless) /Black=0.04 (flawless) .  Inaccurate:     	White=2     	---        OK:         	White=7     	Black=11     Best:        	---       	Black=1} 1/2-1/2

[Event "13th Palmanova Festival A 2024"]
[Site "Palmanova"]
[Date "2025.01.01"]
[Round "7.9"]
[White "Zoncu, Roberto Alessio"]
[Black "Gkoumas, Georgios"]
[Result "1/2-1/2"]
[ECO "B22"]
[WhiteElo "2165"]
[BlackElo "2449"]
[Annotator "TA"]
[PlyCount "72"]
[EventDate "2024.12.27"]
[EventCountry "ITA"]
[SourceTitle "playchess.com"]
[Source "ChessBase"]
[SourceQuality "1"]
[TimeControl "6000+30"]

1. e4 c5 2. c3 Nf6 3. e5 Nd5 4. d4 cxd4 5. Nf3 d6 6. exd6 Qxd6 7. Nxd4 Nc6 8. Be2 Nxd4 9. Qxd4 Bd7 10. c4 Nb4 11. Qxd6 exd6 12. Na3 {[%emt 0:00:06] Inhibits Nc2+.} Be7 13. Bd2 a5 14. Bc3 O-O {[%emt 0:01:04] The position is equal.} 15. O-O d5 16. cxd5 Nxd5 17. Bd4 Rfd8 18. Bf3 Bc6 19. Rfd1 Nb4 20. Bxc6 bxc6 21. Bb6 Rxd1+ 22. Rxd1 a4 23. Nc4 Nxa2 24. Ra1 Nb4 25. b3 {[%emt 0:01:15] [#]} a3 $1 26. Rxa3 Re8 27. Ra1 Bf6 28. Rd1 h5 29. Kf1 Nd5 30. Bd4 Nc3 31. Bxc3 Bxc3 $11 {[%emt 0:00:06] KRB-KRN} 32. Rc1 Bb4 33. Ne3 Re6 34. Rc4 Ba5 35. Rc5 Bb6 36. Rxh5 Bxe3 {[%emt 0:00:04] A rather calm draw.   Weighted Error Value: White=0.02 (flawless) /Black=0.02 (flawless) .  Inaccurate:     	White=1     	Black=1      OK:         	White=17    	Black=15     Best:        	White=1     	Black=1} 1/2-1/2

[Event "13th Palmanova Festival A 2024"]
[Site "Palmanova"]
[Date "2025.01.01"]
[Round "7.10"]
[White "Hovhannisyan, Mher"]
[Black "Solomon, Kenny"]
[Result "1-0"]
[ECO "D78"]
[WhiteElo "2397"]
[BlackElo "2277"]
[Annotator "TA"]
[PlyCount "59"]
[EventDate "2024.12.27"]
[EventCountry "ITA"]
[SourceTitle "playchess.com"]
[Source "ChessBase"]
[SourceQuality "1"]
[TimeControl "6000+30"]

1. Nf3 d5 2. g3 g6 3. Bg2 Bg7 4. d4 Nf6 5. O-O O-O 6. c4 c6 7. Ne5 Be6 8. cxd5 Bxd5 9. Bh3 c5 10. dxc5 Ne4 {[%emt 0:00:51] Inhibits Nc3.} 11. Nd3 $1 Na6 12. Qc2 Qa5 13. Be3 Nb4 14. Nxb4 Qxb4 15. Nc3 Nxc3 16. bxc3 Qxc3 17. Qxc3 Bxc3 18. Rac1 Bg7 19. Bg2 Bxg2 20. Kxg2 Rfc8 21. Rfd1 Rc7 {[%emt 0:00:01] Prevents Rd7} 22. Rd3 f5 23. a4 Rac8 (23... Bf8 $11) 24. Rb1 $16 e5 {[%emt 0:02:45] [#]} 25. Rdb3 $1 {[%emt 0:01:25] White is more active.} Rb8 {[%emt 0:00:49] [#]} (25... f4 $16 26. gxf4 exf4 27. Bxf4 Rxc5) 26. a5 $1 $18 a6 27. Rb6 {[%emt 0:00:25][%cal Oc5c6] Threatens to win with c6!.} Bf8 $2 (27... Rbc8 {might work better.} 28. Rxb7 f4) 28. c6 Rbc8 (28... g5 $142 29. f3 (29. Rxb7 Rbc8 $18) (29. cxb7 f4 $18) (29. Bxg5 Bc5 $18) 29... f4) 29. cxb7 ({Less strong is} 29. Rxb7 Rxc6 30. R1b6 Rc2 31. Rxa6 Rxe2 $18) 29... Rb8 30. R6b3 1-0

[Event "13th Palmanova Festival A 2024"]
[Site "Palmanova"]
[Date "2025.01.01"]
[Round "7.11"]
[White "Rossi, Gabriele Valerio"]
[Black "Domalchuk-Jonasson, Aleksandr"]
[Result "0-1"]
[ECO "D30"]
[WhiteElo "2007"]
[BlackElo "2377"]
[Annotator "TA"]
[PlyCount "70"]
[EventDate "2024.12.27"]
[EventCountry "ITA"]
[SourceTitle "playchess.com"]
[Source "ChessBase"]
[SourceQuality "1"]
[TimeControl "6000+30"]

1. d4 d5 2. c4 e6 3. g3 dxc4 4. Bg2 a6 5. Nf3 b5 6. Ne5 c6 7. O-O Bb7 8. Nc3 Nf6 9. e4 Nbd7 10. Nxd7 Qxd7 11. Be3 Be7 12. Qe2 O-O 13. Rad1 (13. b3 $15) 13... Qc7 14. e5 Nd5 15. Ne4 c5 16. Qh5 (16. Nxc5 Bxc5 17. dxc5) 16... cxd4 (16... Rad8 $142 17. a3 Nxe3 18. fxe3 a5 19. Nf6+ gxf6 20. exf6 Bxf6 21. Rxf6 Bxg2 22. Kxg2 Rd5) 17. Bxd4 $17 Rad8 18. f4 (18. a3 $142) 18... Kh8 19. Ng5 (19. f5 exf5 20. Nd6 Bxd6 21. exd6 Qxd6 (21... Rxd6 22. Rxf5 Nf6 23. Rxf6 $11) 22. Bxd5 Bxd5 23. Rxf5) 19... Bxg5 20. fxg5 Ne7 (20... Kg8 $19 21. Be4 g6) 21. Bxb7 Qxb7 22. Bc5 {[%emt 0:02:53] [#] And now Rxd8 would win.} Rxd1 (22... g6 $1 $17 23. Qe2 Nd5) 23. Qxd1 $15 Kg8 24. Qh5 ({White should try} 24. Qf3 $15 Qxf3 25. Rxf3) 24... g6 $36 {[%emt 0:02:27][%mdl 2048] White is under strong pressure.} 25. Qe2 (25. Qf3 $17 Qxf3 26. Rxf3) 25... Rc8 $19 26. Qf2 Nd5 27. h4 b4 28. g4 c3 29. h5 (29. bxc3 $142 bxc3 30. h5) 29... c2 {[%emt 0:02:49] ...Qc7 is the strong threat.} 30. Rc1 Qc7 (30... Qb5 $142 31. Rxc2 Qd3) 31. Rxc2 gxh5 ({But not} 31... Qxe5 32. Bd6 Rxc2 (32... Qxd6 $2 33. Rxc8+ $18) 33. Bxe5 $17) 32. gxh5 Qxe5 33. Qh4 $2 (33. Bd6 Qxg5+ (33... Qxd6 $2 34. Rxc8+ Kg7 35. Qd4+ f6 36. Kh1 $18) 34. Qg2 Qxg2+ (34... Rxc2 35. Qxg5+ Kh8 36. Qd8+ Kg7 37. Bf8+ Kh8 38. Bh6#) 35. Rxg2+ Kh8 36. h6) 33... Nf4 34. Rc4 Rxc5 35. Rxf4 Qe3+ (35... Qxg5+ $2 {loses.} 36. Rg4 h6 (36... Rc1+ $2 37. Kg2 $18) 37. Rxg5+ Rxg5+ 38. Kh1 $18) (35... Qxb2 36. g6 Qc1+ (36... fxg6 37. Qd8+ Kg7 38. Qf8#) 37. Kg2 Qd2+ (37... fxg6 38. Qd8+ Kg7 39. Qf8#) 38. Rf2 Qg5+ 39. Qg3 $19) 0-1

[Event "13th Palmanova Festival A 2024"]
[Site "Palmanova"]
[Date "2025.01.01"]
[Round "7.12"]
[White "Skawinski, Arkadiusz"]
[Black "Bouska, Jiri"]
[Result "1/2-1/2"]
[ECO "C00"]
[WhiteElo "2330"]
[BlackElo "2267"]
[Annotator "RC"]
[PlyCount "118"]
[EventDate "2024.12.27"]
[EventCountry "ITA"]
[SourceTitle "playchess.com"]
[Source "ChessBase"]
[SourceQuality "1"]
[TimeControl "6000+30"]

1. Nf3 d5 2. g3 Nf6 3. Bg2 e6 4. O-O Be7 5. d3 c5 6. Nbd2 Nc6 7. e4 b5 8. exd5 exd5 9. d4 O-O 10. dxc5 Bxc5 11. Nb3 Bb6 12. Nbd4 Nxd4 13. Nxd4 Bg4 14. Qd3 b4 15. a3 bxa3 16. Rxa3 Re8 17. c3 Qd7 18. Be3 Rab8 19. Rfa1 h6 20. Nc2 Bf5 21. Qd2 Bxc2 22. Bxb6 Rxb6 23. Qxc2 Re7 24. Rb3 Rxb3 25. Qxb3 Qf5 26. Qd1 Ne4 27. Qf3 Qxf3 28. Bxf3 Nf6 29. Kf1 Kf8 30. Ra5 Rb7 31. Ra2 Re7 32. Be2 Rb7 33. Ke1 Ne4 34. f3 Nc5 35. Kd2 Ke7 36. b4 Ne6 37. Ke3 Rc7 38. Kd3 g5 39. Ra5 Kd6 40. Bd1 Rb7 41. Bb3 Nc7 42. Ra1 f6 43. Ra5 a6 44. Ra4 Rb6 45. Ra1 Rb8 46. Ra2 Ke5 47. Re2+ Kd6 48. Ra2 f5 49. f4 Rb6 50. Ra5 Rb8 51. Ra2 Rb6 52. fxg5 hxg5 53. h4 gxh4 54. gxh4 Ne6 55. Ra5 Nc7 56. Kd4 Nb5+ 57. Kd3 Nc7 58. Kd4 Nb5+ 59. Kd3 Nc7 1/2-1/2

[Event "13th Palmanova Festival A 2024"]
[Site "Palmanova"]
[Date "2025.01.01"]
[Round "7.13"]
[White "Javornik, Nik"]
[Black "Reza, Wojciech"]
[Result "0-1"]
[ECO "B30"]
[WhiteElo "2300"]
[BlackElo "2227"]
[Annotator "TA"]
[PlyCount "78"]
[EventDate "2024.12.27"]
[EventCountry "ITA"]
[SourceTitle "playchess.com"]
[Source "ChessBase"]
[SourceQuality "1"]
[TimeControl "6000+30"]

1. e4 c5 2. Nc3 Nc6 3. Bb5 Nd4 4. Nf3 e6 5. O-O a6 6. Bd3 Nc6 {[%emt 0:00:11] [#]} 7. Nd5 Nf6 (7... g5 $5) 8. Ne3 (8. Re1 $5) 8... d5 {[%emt 0:34:57] The position is equal.} 9. exd5 exd5 10. Re1 Be7 11. Nf5 O-O 12. Nxe7+ Nxe7 13. Bf1 d4 14. d3 Nc6 15. h3 Qd6 16. g3 (16. Qd2 $14 {feels stronger.}) 16... Be6 $11 17. Bg2 Rfe8 18. Kh2 Qd7 19. Bg5 Nd5 20. a3 Rac8 21. Bd2 f6 22. Re2 b5 23. Qh1 Bf7 24. Rxe8+ Rxe8 25. Re1 Rd8 26. Rd1 a5 27. c4 (27. Bc1 $1 $11) 27... dxc3 $17 28. bxc3 b4 $36 {[%emt 0:01:20][%mdl 2048] Black is in control. Black is more active.} 29. c4 {[%emt 0:00:00] [#]} (29. axb4 $142 cxb4 (29... axb4 30. cxb4 cxb4 31. Rb1 $17) 30. cxb4 axb4 (30... Ndxb4 $2 31. Ne1 $17) 31. Rb1) 29... Nb6 $1 30. Be3 (30. Ng5 $17 fxg5 31. Bxc6 Qxd3 32. Bf3) 30... Nxc4 $1 $19 (30... bxa3 31. Bxc5 Na4 (31... Nxc4 32. Nd4 $16) 32. Bxa3 Bxc4 33. Rc1 $14) 31. Nd2 $2 (31. Bxc5 Nxa3 (31... bxa3 32. Nd4 $16) 32. Rc1) 31... Nxe3 (31... Nxa3 32. Bxc6 Qxd3 33. Bf3 $18) 32. Bxc6 Qxd3 33. fxe3 Qe2+ ({Weaker is} 33... Qxe3 34. Qg2 $17) ({Less strong is} 33... Qxa3 34. Nc4 Qa2+ (34... Bxc4 35. Rxd8+ Kf7 36. Be8+ Kf8 37. Bb5+ Kf7 38. Bxc4+ Kg6 39. Qe4+ Kh6 40. Be2 g5 41. Rd7 g4 42. Rxh7+ Kg5 43. Qxg4#) 35. Bg2 $17) 34. Bg2 Rxd2 35. Rxd2 Qxd2 36. axb4 cxb4 37. e4 {[%emt 0:00:06] Against Bd5} b3 {[%emt 0:00:46] White must now prevent ...b2.} 38. Qa1 b2 39. Qxa5 Qxa5 {[%emt 0:00:06] Weighted Error Value: White=1.02/Black=0.09 (flawless) .  Mistake:       	White=6     	---        Inaccurate:     	White=2     	Black=1      OK:         	White=9     	Black=8      Best:        	White=1     	Black=1      Strong:       	---       	Black=2} 0-1